 Dungeon Crawl Stone Soup version 0.27-a0-416-gca2cecf3c0 (webtiles) character file.

Game seed: 4742863849925224759

1038 Morbidden the Slasher (level 8, -2/42 HPs)
             Began as a Vine Stalker Fighter on Feb 25, 2021.
             Slain by an orc
             ... wielding a +0 trident
              (3 damage)
             ... on level 5 of the Dungeon.
             The game lasted 00:07:18 (4172 turns).

Morbidden the Slasher (Vine Stalker Fighter)        Turns: 4172, Time: 00:07:18

Health: -2/42      AC: 11    Str: 19    XL:     8   Next: 24%
Magic:  0/13       EV:  3    Int: 16    God:
Gold:   227        SH: 10    Dex: 14    Spells: 13/13 levels left

rFire    . . .     SeeInvis .   a - +0 long sword
rCold    . . .     Faith    .   c - +0 kite shield
rNeg     . . .     Spirit   +   f - +0 plate armour
rPois    .         Reflect  .   (no helmet)
rElec    .         Harm     .   (no cloak)
rCorr    .         Rampage  .   (no gloves)
Will     +....                  (no boots)
Stlth    ..........             (no amulet)
HPRegen  1.14/turn              g - +6 ring of intelligence
MPRegen  0.13/turn              (no ring)

@: lethally poisoned (-2 -> -9), slowed, very slow
A: fangs 3, regeneration 1, magic shield, antimagic bite, no potion heal 3
a: no special abilities


You were on level 5 of the Dungeon.
You visited 1 branch of the dungeon, and saw 5 of its levels.
You also visited: Sewer.

You collected 227 gold pieces.

Inventory:

Hand Weapons
 a - a +0 long sword (weapon)
 k - a +0 hunting sling
Missiles
 i - 7 javelins
 m - 14 boomerangs (quivered)
 p - 22 sling bullets
 x - 17 poisoned darts
Armour
 c - a +0 kite shield (worn)
 f - a +0 plate armour (worn)
Jewellery
 g - a +6 ring of intelligence (left hand)
 y - a ring of poison resistance
 z - an amulet of the acrobat
Wands
 o - a wand of paralysis (9)
Scrolls
 b - 4 scrolls of teleportation {unknown}
 j - 3 scrolls of magic mapping
 l - 3 scrolls of identify
 r - 4 scrolls of fog {unknown}
 s - 2 scrolls of fear {unknown}
Potions
 d - a potion of might
 e - 3 potions of heal wounds {unknown}
 h - 6 potions of curing {unknown}
 n - a potion of flight {unknown}
 q - 5 potions of brilliance {unknown}
 t - a potion of magic {unknown}
 u - a potion of lignification {unknown}
 v - a potion of mutation {unknown}
 w - a potion of berserk rage {unknown}
 A - a potion of ambrosia {unknown}


   Skills:
 * Level 4.4 Fighting
 + Level 4.8 Long Blades
 + Level 1.2 Throwing
 + Level 4.0 Armour
 + Level 0.3 Dodging
 + Level 0.4 Stealth
 + Level 4.4 Shields
 * Level 3.1 Spellcasting


You had 13 spell levels left.
You didn't know any spells.
Your spell library was empty.

Dungeon Overview and Level Annotations

Branches:
Dungeon (5/15)              Sewer (visited)
 Temple: D:4-7

Altars:
Dithmenos
Okawaru
Trog

Annotations:
D:3 1 runed translucent door, dricus's ghost, amateur DgAE


Innate Abilities, Weirdness & Mutations

You have razor-sharp teeth.
Your natural rate of healing is unusually fast.
When hurt, damage is shared between your health and your magic reserves.
Your bite disrupts and absorbs the magic of your enemies.
Potions cannot restore your health.


Message History

The orc hits you but does no damage. x2; The hornet stings you.
You feel yourself slow down.
The jackal bites you but does no damage.
You miss the hornet. You bite the hornet. You drain its power.
You feel invigorated.
The hornet is heavily wounded.
You feel yourself speed up.
You feel sick. The hornet stings you!
* * * LOW HITPOINT WARNING * * *
You feel yourself slow down. You block the jackal's attack.
You block the orc's attack. The hornet stings you.
* * * LOW HITPOINT WARNING * * *
You feel as though you will be slow longer.
The orc hits you from afar with a +0 trident.
* * * LOW HITPOINT WARNING * * *
The jackal bites you but does no damage.
The orc hits you but does no damage. x2
The hornet stings you but does no damage.
The orc hits you but does no damage. x2
The jackal bites you but does no damage.
Unknown command.
Unknown command.
You hit the hornet but do no damage. Your bite misses the hornet.
The hornet is heavily wounded.
You feel sick. The hornet stings you.
* * * LOW HITPOINT WARNING * * *
You are lethally poisoned!
You feel as though you will be slow longer.
The jackal barely misses you. You block the orc's attack.
The orc hits you but does no damage. The hornet stings you.
* * * LOW HITPOINT WARNING * * *
You are more poisoned.
You feel as though you will be slow longer.
The orc hits you but does no damage. x2
The jackal bites you but does no damage.
The orc hits you but does no damage. x2; You block the hornet's attack.
The orc hits you but does no damage.
The jackal bites you but does no damage.
The orc hits you from afar with a +0 trident.
You die...

.#. ... .. ...... ..# ..#..
.$.##.#.# ......#h# .<....oh#
......oy# ......o@# ##
≈###......ho############# .###
≈≈≈#....................#
...## .......................#
....# .#.....................#
.#.###.#...............#######
....##.#............##...#
.#...#.#.................#
.....................#####


You could see a hornet, 4 orcs and 3 jackals.

Vanquished Creatures
  Grinder (D:3)
  An ice beast (D:5)
  A kobold brigand (D:5)
  2 bullfrogs (Sewer)
  3 orc priests (D:4)
  A hound (D:4)
  A bullfrog skeleton (D:4)
  2 worker ants
  An orc wizard (D:3)
  A worker ant zombie (D:4)
  10 adders
  7 river rats (Sewer)
  A shadow imp (D:5)
  An ufetubus (D:5)
  2 oozes
  3 worms
  An adder skeleton (D:4)
  A dart slug (D:1)
  A leopard gecko (D:2)
  15 orcs
  15 ball pythons
  5 giant cockroaches
  12 goblins
  6 hobgoblins
  25 kobolds
  A quokka (D:4)
  7 bats
  4 frilled lizards
  A jackal skeleton (D:4)
  27 rats
159 creatures vanquished.

Vanquished Creatures (others)
  14 plants (D:5)
14 creatures vanquished.

Grand Total: 173 creatures vanquished

Notes
Turn   | Place    | Note
-------+----------+-------------------------------------------
     0 | D:1      | Morbidden the Vine Stalker Fighter began the quest for the
                  | Orb.
     0 | D:1      | Reached XP level 1. HP: 11/11 MP: 2/2
   300 | D:1      | Reached XP level 2. HP: 13/16 MP: 3/3
   740 | D:1      | Reached XP level 3. HP: 20/20 MP: 4/4
  1145 | D:2      | Found an iron altar of Okawaru.
  1545 | D:2      | Gained mutation: Your natural rate of healing is unusually
                  | fast. [Vine Stalker growth]
  1545 | D:2      | Reached XP level 4. HP: 24/24 MP: 5/5
  1662 | D:2      | Found a bloodstained altar of Trog.
  1832 | D:3      | Noticed Grinder
  1853 | D:3      | Paralysed by Grinder for 7 turns
  1866 | D:3      | Paralysed by Grinder for 3 turns
  1869 | D:3      | Killed Grinder
  1870 | D:3      | Reached skill level 1 in Spellcasting
  1870 | D:3      | Reached XP level 5. HP: 28/28 MP: 5/8
  1870 | D:3      | Reached XP level 6. HP: 32/32 MP: 5/9
  2028 | D:3      | Reached skill level 1 in Throwing
  2055 | D:3      | Found a runed translucent door.
  2059 | D:3      | Noticed dricus's ghost (amateur DgAE)
  2756 | D:4      | Found a glowing drain.
  2761 | Sewer    | Entered a sewer
  2850 | Sewer    | Reached XP level 7. HP: 37/37 MP: 6/11
  3785 | D:5      | Entered Level 5 of the Dungeon
  3892 | D:5      | Gained mutation: You have razor-sharp teeth. [Vine Stalker
                  | growth]
  3892 | D:5      | Reached XP level 8. HP: 39/42 MP: 11/13
  3946 | D:5      | Found a shadowy altar of Dithmenos.
  4013 | D:5      | HP: 2/42 [orc/+0 hand axe (4)]
  4162 | D:5      | Noticed a hornet
  4165 | D:5      | Paralysed by a hornet for 3 turns
  4171 | D:5      | HP: 2/42 [hornet (3)]
  4172 | D:5      | Slain by an orc

Illustrated notes

Levels and vault maps discovered:
D:1:      dpeg_arrival_shrine, layout_basic, skrybe_limestone_x, st_stairs_1,
          minmay_misc_feat_encased
D:2:      layout_basic, okawaru_gym_becter, marbit_many_paths, chequers_garden,
          grunt_ministairs_1, minmay_diced_spiral
D:3:      layout_loops_ring, ebering_ghost_reflecting_pool, uniq_grinder
D:4:      layout_loops_corners, portal_sewer_entry_e
D:5:      kennysheep_kobold_camp, layout_rooms, grunt_dithmenos_smoke,
          serial_shops, nicolae_shop_window_shopping,
          chequers_serial_rivers_large_b

Skill      XL: |  1  2  3  4  5  6  7  8 |
---------------+-------------------------+-----
Shields        | 3 4 |  4.4
Long Blades    | 2 3 4 |  4.8
Fighting       | 3 4 |  4.4
Armour         | 3 4 |  4.0
Spellcasting   | 1 2 3 |  3.1
Throwing       | 1 |  1.2
Dodging        | |  0.3
Stealth        | |  0.4

Action                   |  1- 3 |  4- 6 |  7- 9 || total
-------------------------+-------+-------+-------++-------
Melee: Long sword        |   116 |   127 |   252 ||   495
       Bite              |    31 |    34 |    82 ||   147
Throw: Javelin           |       |     7 |       ||     7
       Boomerang         |       |     9 |       ||     9
Evoke: Wand              |       |     1 |       ||     1
  Use: Scroll            |       |     2 |       ||     2
       Potion            |       |       |     1 ||     1
 Stab: Paralysed         |       |     3 |       ||     3
Armor: Scale mail        |    45 |       |       ||    45
       Plate armour      |    70 |   125 |   320 ||   515
Dodge: Dodged            |    39 |    17 |    60 ||   116
Block: Kite shield       |    71 |    79 |   232 ||   382
       Rpst.: Long sword |    13 |     5 |    19 ||    37

Table legend: (Time is in decaauts)
 A = Elapsed time spent in this place.
 B = Non-inter-level travel time spent in this place.
 C = Inter-level travel time spent in this place.
 D = Time resting spent in this place.
 E = Time spent auto-exploring this place.
 F = Levels seen in this place.
 G = Mean time per level.
                   A        B        C        D        E       F      G
               +--------+--------+--------+--------+--------+-----+--------+
         Total |   4465 |   4348 |    117 |      0 |   2905 |   6 |  744.2 |
       Dungeon |   4005 |   3888 |    117 |      0 |   2734 |   5 |  801.0 |
         Sewer |    460 |    460 |      0 |      0 |    170 |   1 |  460.0 |
               +--------+--------+--------+--------+--------+-----+--------+

Top non-repeatable levels by time:
     D:4: 1025 daAuts
     D:1: 1006 daAuts
     D:2: 794 daAuts
     D:3: 746 daAuts
   Sewer: 460 daAuts
     D:5: 433 daAuts
